TOP OF THE 1ST |
Maui Tropics batting - Pitching for St Charles Sheens : LHP Ben Moody
|
Pitching: LHP Ben Moody
|
|
Batting: RHB Pat Haynes
|
0-0: Foul Ball, location: 2F 0-1: Foul Ball, location: 2F 0-2: Ball 1-2: Foul Ball, location: 2F 1-2: Ball 2-2: Ball 3-2: Foul Ball, location: 2F 3-2: Fly out, F7 (Popup, 78S)
|
Batting: RHB Jesús Espinoza
|
0-0: SOLO HOME RUN (Flyball, 89XD), Distance : 418 ft
|
Batting: LHB Juan Jose Rojas
|
0-0: Foul Ball, location: 2F 0-1: SINGLE (Line Drive, 8LS)
|
Batting: RHB Damian Yates
|
0-0: Called Strike 0-1: Ball 1-1: Foul Ball, location: 2F 1-2: Fielders Choice at 2nd, 1-4 (Groundball, 13)
|
Batting: RHB António Martínez
|
0-0: Ball 1-0: Called Strike 1-1: Foul Ball, location: 2F 1-2: Strikes out looking
|
Top of the 1st over - 1 run(s), 2 hit(s), 0 error(s), 1 left on base; Maui 1 - St Charles 0 |
BOTTOM OF THE 1ST |
St Charles Sheens batting - Pitching for Maui Tropics : RHP Hokusai Nakashima
|
Pitching: RHP Hokusai Nakashima
|
|
Batting: RHB Dan Tyler
|
0-0: Called Strike 0-1: Ball 1-1: Bunt missed! 1-2: Ground out 5-3 (Groundball, 56)
|
Batting: LHB Jeff Carter
|
0-0: Ball 1-0: Ball 2-0: Ground out U3 (Groundball, 3)
|
Batting: RHB Judson Backstrom
|
0-0: Ball 1-0: Ball 2-0: Ball 3-0: Base on Balls
|
Batting: LHB Bob Ware
|
0-0: Ball 1-0: Called Strike 1-1: Fielders Choice at 2nd, U4 (Groundball, 4M)
|
Bottom of the 1st over - 0 run(s), 0 hit(s), 0 error(s), 1 left on base; Maui 1 - St Charles 0 |
TOP OF THE 2ND |
Maui Tropics batting - Pitching for St Charles Sheens : LHP Ben Moody
|
Batting: LHB Luis Antonio Torres
|
0-0: Ball 1-0: Foul Ball, location: 2F 1-1: Ball 2-1: Called Strike 2-2: Ground out 6-3 (Groundball, 56)
|
Batting: RHB Armando Martínez
|
0-0: Called Strike 0-1: Ball 1-1: Called Strike 1-2: Ground out 3-1 (Groundball, 34S)
|
Batting: LHB Javier Espinoza
|
0-0: Ball 1-0: Ground out 1-3 (Groundball, 13S)
|
Top of the 2nd over - 0 run(s), 0 hit(s), 0 error(s), 0 left on base; Maui 1 - St Charles 0 |
BOTTOM OF THE 2ND |
St Charles Sheens batting - Pitching for Maui Tropics : RHP Hokusai Nakashima
|
Batting: RHB Guo-xiu Choi
|
0-0: Called Strike 0-1: Ball 1-1: Called Strike 1-2: SINGLE (Line Drive, 4MD)
|
Batting: LHB Gene Cooper
|
0-0: Foul Ball, location: 2F 0-1: Called Strike 0-2: Ball 1-2: Ground out 4-3 (Groundball, 13) Guo-xiu Choi to second
|
Batting: RHB Max Rash
|
0-0: Ball
|
|
|
|
1-0: Foul Ball, location: 2F 1-1: SINGLE (Groundball, 56) Guo-xiu Choi to third Runner from 3rd tries for Home, throw and OUT! Max Rash to second
|
Batting: RHB Xavier Feliciano
|
0-0: Called Strike 0-1: Swinging Strike 0-2: Strikes out swinging
|
Bottom of the 2nd over - 0 run(s), 2 hit(s), 0 error(s), 1 left on base; Maui 1 - St Charles 0 |
TOP OF THE 3RD |
Maui Tropics batting - Pitching for St Charles Sheens : LHP Ben Moody
|
Batting: RHB Jung-ha Kim
|
0-0: SINGLE (Line Drive, 78M)
|
Batting: RHB Pat Haynes
|
0-0: Ball 1-0: Foul Ball, location: 2F 1-1: Ball 2-1: Ball 3-1: Called Strike 3-2: DOUBLE (Line Drive, 5D) Jung-ha Kim to third Runner from 3rd tries for Home, SAFE, no throw or cutoff
|
Batting: RHB Jesús Espinoza
|
0-0: Called Strike 0-1: Ball 1-1: Ball 2-1: Ground out 5-3 (Groundball, 56)
|
Batting: LHB Juan Jose Rojas
|
0-0: Ground out 1-3 (Groundball, 25)
|
Batting: RHB Damian Yates
|
0-0: Fly out, F9 (Flyball, 9S)
|
Top of the 3rd over - 1 run(s), 2 hit(s), 0 error(s), 1 left on base; Maui 2 - St Charles 0 |
BOTTOM OF THE 3RD |
St Charles Sheens batting - Pitching for Maui Tropics : RHP Hokusai Nakashima
|
Batting: SHB Richard Bowman
|
0-0: Called Strike 0-1: Foul Ball, location: 2F 0-2: SINGLE (Line Drive, 7LS)
|
Batting: RHB Dan Tyler
|
0-0: Called Strike 0-1: Called Strike 0-2: Fly out, F4 (Popup, 4)
|
Batting: LHB Jeff Carter
|
0-0: Called Strike 0-1: Foul Ball, location: 2F 0-2: Ball 1-2: Ball 2-2: Ball 3-2: Base on Balls Richard Bowman to second
|
Batting: RHB Judson Backstrom
|
0-0: Ball 1-0: Ball 2-0: Ball 3-0: Called Strike 3-1: Grounds into double play, 1-6-3 (Groundball, 13)
|
Bottom of the 3rd over - 0 run(s), 1 hit(s), 0 error(s), 1 left on base; Maui 2 - St Charles 0 |
TOP OF THE 4TH |
Maui Tropics batting - Pitching for St Charles Sheens : LHP Ben Moody
|
Batting: RHB António Martínez
|
0-0: Foul Ball, location: 2F 0-1: Called Strike 0-2: Strikes out swinging
|
Batting: LHB Luis Antonio Torres
|
0-0: Called Strike 0-1: Foul Ball, location: 2F 0-2: Ball 1-2: Strikes out swinging
|
Batting: RHB Armando Martínez
|
0-0: Ground out 4-3 (Groundball, 4)
|
Top of the 4th over - 0 run(s), 0 hit(s), 0 error(s), 0 left on base; Maui 2 - St Charles 0 |
BOTTOM OF THE 4TH |
St Charles Sheens batting - Pitching for Maui Tropics : RHP Hokusai Nakashima
|
Batting: LHB Bob Ware
|
0-0: Ball 1-0: Fly out, F9 (Flyball, 89M)
|
Batting: RHB Guo-xiu Choi
|
0-0: Called Strike 0-1: Ball 1-1: Called Strike 1-2: Foul Ball, location: 2F 1-2: Ground out 4-3 (Groundball, 4)
|
Batting: LHB Gene Cooper
|
0-0: SINGLE (Line Drive, 34)
|
Batting: RHB Max Rash
|
0-0: Swinging Strike 0-1: Ground out 5-3 (Groundball, 5S)
|
Bottom of the 4th over - 0 run(s), 1 hit(s), 0 error(s), 1 left on base; Maui 2 - St Charles 0 |
TOP OF THE 5TH |
Maui Tropics batting - Pitching for St Charles Sheens : LHP Ben Moody
|
Batting: LHB Javier Espinoza
|
0-0: Ball 1-0: Foul Ball, location: 2F 1-1: Ball 2-1: Ball 3-1: Ground out 6-3 (Groundball, 6M)
|
Batting: RHB Jung-ha Kim
|
0-0: Called Strike 0-1: Foul Ball, location: 2F 0-2: Ball 1-2: Ground out 6-3 (Groundball, 6)
|
Batting: RHB Pat Haynes
|
0-0: Ball 1-0: Ball 2-0: Called Strike 2-1: Fly out, F8 (Flyball, 8RM)
|
Top of the 5th over - 0 run(s), 0 hit(s), 0 error(s), 0 left on base; Maui 2 - St Charles 0 |
|
|
BOTTOM OF THE 5TH |
St Charles Sheens batting - Pitching for Maui Tropics : RHP Hokusai Nakashima
|
Batting: RHB Xavier Feliciano
|
0-0: Ground out 4-3 (Groundball, 34)
|
Batting: SHB Richard Bowman
|
0-0: Ball 1-0: Called Strike 1-1: Swinging Strike 1-2: Foul Ball, location: 2F 1-2: Foul Ball, location: 2F 1-2: Foul Ball, location: 2F 1-2: Strikes out swinging
|
Batting: RHB Dan Tyler
|
0-0: Ball 1-0: Ground out 5-3 (Groundball, 5S)
|
Bottom of the 5th over - 0 run(s), 0 hit(s), 0 error(s), 0 left on base; Maui 2 - St Charles 0 |
TOP OF THE 6TH |
Maui Tropics batting - Pitching for St Charles Sheens : LHP Ben Moody
|
Batting: RHB Jesús Espinoza
|
0-0: Ball 1-0: Ground out U3 (Groundball, 3L)
|
Batting: LHB Juan Jose Rojas
|
0-0: Ball 1-0: Called Strike 1-1: Foul Ball, location: 2F 1-2: Ball 2-2: Ball 3-2: Strikes out looking
|
Batting: RHB Damian Yates
|
0-0: Ball 1-0: Called Strike 1-1: Ball 2-1: Foul Ball, location: 2F 2-2: Ball 3-2: Base on Balls
|
Pitching: RHP Paco Canpos
|
|
Batting: RHB António Martínez
|
0-0: Ball 1-0: Ground out 6-3 (Groundball, 6)
|
Top of the 6th over - 0 run(s), 0 hit(s), 0 error(s), 1 left on base; Maui 2 - St Charles 0 |
BOTTOM OF THE 6TH |
St Charles Sheens batting - Pitching for Maui Tropics : RHP Hokusai Nakashima
|
Batting: LHB Jeff Carter
|
0-0: Called Strike 0-1: Ball 1-1: Called Strike 1-2: Foul Ball, location: 2F 1-2: Ball 2-2: Strikes out swinging
|
Batting: RHB Judson Backstrom
|
0-0: Ball 1-0: Called Strike 1-1: Ball 2-1: Foul Ball, location: 2F 2-2: Ground out 5-3 (Groundball, 5L)
|
Batting: LHB Bob Ware
|
0-0: Ball 1-0: Foul Ball, location: 2F 1-1: SINGLE (Groundball, 4M)
|
Pitching: RHP Dave Riley
|
|
Batting: RHB Guo-xiu Choi
|
0-0: Called Strike 0-1: Called Strike Bob Ware steals 2nd base 0-2: Ball 1-2: SINGLE (Popup, 4D) Bob Ware to third Runner from 3rd tries for Home, SAFE, no throw or cutoff
|
Batting: LHB Gene Cooper
|
0-0: Ball 1-0: Called Strike Guo-xiu Choi is caught stealing 2nd base
|
Bottom of the 6th over - 1 run(s), 2 hit(s), 0 error(s), 0 left on base; Maui 2 - St Charles 1 |
TOP OF THE 7TH |
Maui Tropics batting - Pitching for St Charles Sheens : RHP Paco Canpos
|
Pitching: LHP Rubén Martínez
|
|
Batting: LHB Luis Antonio Torres
|
0-0: Ball 1-0: Ground out 1-3 (Groundball, 13)
|
Batting: RHB Armando Martínez
|
0-0: Foul Ball, location: 2F 0-1: Foul Ball, location: 2F 0-2: Ground out 3-1 (Groundball, 34)
|
Pitching: RHP Ulric Duval
|
|
Batting: LHB Javier Espinoza
|
0-0: Ball 1-0: Fly out, F9 (Flyball, 9D)
|
Top of the 7th over - 0 run(s), 0 hit(s), 0 error(s), 0 left on base; Maui 2 - St Charles 1 |
BOTTOM OF THE 7TH |
St Charles Sheens batting - Pitching for Maui Tropics : RHP Dave Riley
|
Batting: LHB Gene Cooper
|
0-0: Ball 1-0: Foul Ball, location: 2F 1-1: Ball 2-1: Foul Ball, location: 2F 2-2: Foul Ball, location: 2F 2-2: Ground out 4-3 (Groundball, 4M)
|
Batting: RHB Max Rash
|
0-0: Called Strike 0-1: Ground out 3-1 (Groundball, 34)
|
Batting: RHB Xavier Feliciano
|
0-0: Ground out 4-3 (Groundball, 34)
|
Bottom of the 7th over - 0 run(s), 0 hit(s), 0 error(s), 0 left on base; Maui 2 - St Charles 1 |
TOP OF THE 8TH |
Maui Tropics batting - Pitching for St Charles Sheens : RHP Ulric Duval
|
Batting: RHB Jung-ha Kim
|
0-0: Ground out 6-3 (Groundball, 6)
|
Batting: RHB Pat Haynes
|
0-0: Ball 1-0: Foul Ball, location: 2F 1-1: SINGLE (Line Drive, 8LS)
|
Batting: RHB Jesús Espinoza
|
0-0: Called Strike 0-1: Ground out 5-3 (Groundball, 5L) Pat Haynes to second
|
Pitching: LHP Shan Liu
|
|
Batting: LHB Juan Jose Rojas
|
0-0: Ground out 1-3 (Groundball, 13)
|
Top of the 8th over - 0 run(s), 1 hit(s), 0 error(s), 1 left on base; Maui 2 - St Charles 1 |
BOTTOM OF THE 8TH |
St Charles Sheens batting - Pitching for Maui Tropics : RHP Dave Riley
|
Pitching: RHP Pat Stuckey
|
|
Batting: SHB Richard Bowman
|
0-0: Fly out, F7 (Flyball, 78M)
|
Pitching: RHP Yong-taek Yi
|
|
Batting: RHB Dan Tyler
|
0-0: Swinging Strike 0-1: Ball 1-1: Ball 2-1: Ground out 6-3 (Groundball, 6)
|
Batting: LHB Jeff Carter
|
0-0: Ball 1-0: Called Strike 1-1: Called Strike 1-2: Ground out 6-3 (Groundball, 6)
|
Bottom of the 8th over - 0 run(s), 0 hit(s), 0 error(s), 0 left on base; Maui 2 - St Charles 1 |
TOP OF THE 9TH |
Maui Tropics batting - Pitching for St Charles Sheens : LHP Shan Liu
|
Pitching: LHP Francisco Moreno
|
|
Batting: RHB Damian Yates
|
0-0: Foul Ball, location: 2F 0-1: Swinging Strike 0-2: Strikes out swinging
|
Batting: RHB António Martínez
|
0-0: Called Strike 0-1: Ground out 5-3 (Groundball, 56)
|
Batting: LHB Luis Antonio Torres
|
0-0: Ball 1-0: Ball 2-0: Foul Ball, location: 2F 2-1: Ball 3-1: Foul Ball, location: 2F 3-2: Base on Balls
|
Batting: RHB Armando Martínez
|
0-0: Swinging Strike 0-1: Foul Ball, location: 2F 0-2: Strikes out swinging
|
Top of the 9th over - 0 run(s), 0 hit(s), 0 error(s), 1 left on base; Maui 2 - St Charles 1 |
BOTTOM OF THE 9TH |
St Charles Sheens batting - Pitching for Maui Tropics : RHP Yong-taek Yi
|
Pitching: RHP Junior Mateo
|
|
Now in LF: Mario Olivares
|
|
Batting: RHB Judson Backstrom
|
0-0: Foul Ball, location: 2F 0-1: Ball 1-1: Ball 2-1: Ball 3-1: Base on Balls
|
Pinch Runner at 1st Kel Pierce:
|
|
Batting: LHB Bob Ware
|
0-0: Fielders Choice at 2nd, 3-6 (Groundball, 3)
|
Pinch Hitting: RHB Alfredo Rivera
|
0-0: Ball 1-0: Ball 2-0: Ball 3-0: Called Strike 3-1: Called Strike 3-2: Foul Ball, location: 2F 3-2: Strikes out swinging
|
Batting: LHB Gene Cooper
|
0-0: Called Strike 0-1: Ball 1-1: Ball 2-1: Foul Ball, location: 2F 2-2: Foul Ball, location: 2F 2-2: Foul Ball, location: 2F 2-2: Ball 3-2: Base on Balls Bob Ware to second
|
Batting: RHB Max Rash
|
0-0: Called Strike 0-1: Foul Ball, location: 2F 0-2: SINGLE (Line Drive, 56) Bob Ware to third Gene Cooper to second Runner from 3rd tries for Home, SAFE, no throw or cutoff
|
Batting: RHB Xavier Feliciano
|
0-0: Swinging Strike 0-1: Ball 1-1: Called Strike 1-2: Ball 2-2: Ball 3-2: Fly out, F4 (Popup, 4MD)
|
Bottom of the 9th over - 1 run(s), 1 hit(s), 0 error(s), 2 left on base; Maui 2 - St Charles 2 |
TOP OF THE 10TH |
Maui Tropics batting - Pitching for St Charles Sheens : LHP Francisco Moreno
|
Pitching: RHP Sang-joon Pak
|
|
Now in RF: Júlio Hernández
|
|
Pinch Hitting: LHB Henry Huffman
|
0-0: Ball 1-0: Ball 2-0: Ball 3-0: Base on Balls
|
Batting: RHB Jung-ha Kim
|
0-0: Called Strike 0-1: Ball 1-1: Ball 2-1: Called Strike 2-2: Strikes out swinging
|
Pinch Hitting: RHB Phil White
|
0-0: Called Strike 0-1: Swinging Strike 0-2: Ball 1-2: Ball 2-2: Foul Ball, location: 2F 2-2: Strikes out swinging
|
Batting: RHB Jesús Espinoza
|
0-0: Ball Henry Huffman steals 2nd base 1-0: Ball 2-0: Swinging Strike 2-1: Called Strike 2-2: Ball 3-2: Foul Ball, location: 2F 3-2: Strikes out swinging
|
Top of the 10th over - 0 run(s), 0 hit(s), 0 error(s), 1 left on base; Maui 2 - St Charles 2 |
|